 Dungeon Crawl Stone Soup version 0.30.0-15-g856e2d3f33 (webtiles) character file.

Game seed: 6540000892330396318

2282 qw the Cleaver (level 9, 0/55 HPs)
             Began as a Gargoyle Fighter on May 18, 2023.
             Was a Follower of Okawaru.
             Slain by a demonic crawler (1 damage)
             ... on level 2 of the Abyss.
             The game lasted 00:03:04 (6661 turns).

qw the Cleaver (Gargoyle Fighter)                   Turns: 6661, Time: 00:03:04

Health: 0/55       AC: 29    Str: 24    XL:     9   Next: 39%
Magic:  11/12      EV:  9    Int:  7    God:    Okawaru [*.....]
Gold:   325        SH:  6    Dex: 13    Spells: 8/8 levels left

rFire   + + .        Y - +0 war axe
rCold   x . .        c - +0 buckler
rNeg    + . .        t - +0 plate armour
rPois   inf          h - +0 helmet
rElec   +            v - +0 cloak
rCorr   .            q - +1 pair of gloves
SInv    +            e - +1 pair of boots of the Crypt {rF+ Int-2 Dex+4}
Will    +....        (no amulet) Stlth
                     r - ring "Wusoeqor" {Fire Will+ SInv}
HPRegen 0.29/turn    (no ring)
MPRegen 0.13/turn

%: no passive effects
@: about to teleport, heroic
A: sickness immunity, AC +6, negative energy resistance 1, electricity
resistance, torment resistance 1, petrification resistance
a: Renounce Religion, Heroism


You were on level 2 of the Abyss.
You worshipped Okawaru.
Okawaru was aware of your devotion.
You visited 2 branches of the dungeon, and saw 9 of its levels.
You visited the Abyss 1 time.

You collected 325 gold pieces.


Innate Abilities, Weirdness & Mutations

You are immune to sickness and miasma.
Your stone body is resilient. (AC +6)
You are immune to poison.
You resist negative energy. (rN+)
You are resistant to electric shocks. (rElec)
You are resistant to unholy torment.
You are immune to petrification.


   Skills:
 - Level 6.0(11.0) Fighting
 + Level 8.4(13.4) Axes
 - Level 2.0(7.0) Throwing
 - Level 6.0(11.0) Armour
 - Level 1.1(6.1) Dodging
 - Level 3.2(8.2) Shields
 - Level 4.2 Invocations


You had 8 spell levels left.
You didn't know any spells.
Your spell library was empty.

Inventory:

Hand Weapons
 u - a +0 flail
 Y - a +0 war axe (weapon)
Missiles
 b - 2 boomerangs (quivered)
Armour
 c - a +0 buckler (worn)
 e - the +1 pair of boots of the Crypt (worn) {rF+ Int-2 Dex+4}
   (You acquired it on level 1 of the Dungeon)

   Int:       It affects your intelligence (-2).
   Dex:       It affects your dexterity (+4).
   rF:        It protects you from fire.
 h - a +0 helmet (worn)
 q - a +1 pair of gloves (worn)
 t - a +0 plate armour (worn)
 v - a +0 cloak (worn)
Jewellery
 r - the ring "Wusoeqor" (left hand) {Fire Will+ SInv}
   (You acquired it on level 3 of the Dungeon)

   [ring of fire]

   It enhances your fire magic.
   rF:        It protects you from fire.
   rC:        It makes you vulnerable to cold.
   SInv:      It lets you see invisible.
   Will:      It increases your willpower.
Scrolls
 i - a scroll of teleportation
 p - a scroll of identify
Potions
 a - a potion of heal wounds
 d - 3 potions of might
 f - 2 potions of resistance
 g - a potion of lignification
 k - 4 potions of curing
 s - a potion of mutation

Dungeon Overview and Level Annotations

Branches:
Dungeon (8/15)             Temple (1/1) D:4
   Lair: D:8-11

Altars:
Ashenzari
Cheibriados
Dithmenos
Elyvilon
Fedhas
Gozag
Kikubaaqudgha
Makhleb
Nemelex Xobeh
Okawaru
Qazlal
Sif Muna
Trog
Uskayaw
Wu Jian
Xom
Yredelemnul
Zin
The Shining One

Shops:
D:3 *   D:6 (


Message History

You barely miss the demonic crawler.
The demonic crawler is lightly wounded.
The demonic crawler hits you but does no damage. x2
The demonic crawler completely misses you.
The demonic crawler hits you! You block the demonic crawler's attack.
The demonic crawler hits you!
6654 ||| INVOKING Heroism.
You gain the combat prowess of a mighty hero.
The demonic crawler hits you!
The demonic crawler hits you but does no damage.
The demonic crawler misses you.
You hit the demonic crawler but do no damage.
The demonic crawler barely misses you.
The demonic crawler hits you but does no damage. x2
You hit the demonic crawler but do no damage.
The demonic crawler barely misses you.
The demonic crawler hits you but does no damage. x2
You closely miss the demonic crawler. The demonic crawler hits you.
The demonic crawler hits you but does no damage. x2
You barely miss the demonic crawler. The demonic crawler barely misses you.
The demonic crawler hits you but does no damage. x2
You hit the demonic crawler.
The demonic crawler is lightly wounded.
The demonic crawler hits you but does no damage.
You block the demonic crawler's attack. x2
You hit the demonic crawler.
The demonic crawler is lightly wounded.
The demonic crawler hits you! The demonic crawler misses you.
The demonic crawler completely misses you.
6661 ||| READING 2 scrolls of teleportation.
As you read the scroll of teleportation, it crumbles to dust.
You feel strangely unstable.
You feel the power of the Abyss delaying your translocation!
The demonic crawler hits you but does no damage.
You block the demonic crawler's attack. The demonic crawler hits you.
The demonic crawler hits you but does no damage.
The demonic crawler hits you.
You die...

# #.# .. ##
####.# ##..¤
....#(###....#
#......#....
##.....#.##
#...#s##..
#¤#...@.# .
¤#.###.# #.
#.#.#¤¤... #
#.# ##.¤.###.#
. ##. # . ..#
... #.# ..
#.¤.## ##. #.
.#.....¤¤.#. #
#...##..#.# .
.. ##7. #...~~
.##


You could see a demonic crawler.

Vanquished Creatures
  A hornet (D:6)
  A wyvern (D:8)
  A water moccasin (D:6)
  2 orc warriors
  An ice beast (D:7)
  A black bear (D:5)
  An ogre (D:5)
  2 centaurs
  A phantom (D:5)
  A kobold brigand (D:8)
  A bullfrog (D:7)
  2 gnoll sergeants (D:7)
  4 scorpions
  A howler monkey (D:7)
  A jelly (D:6)
  A hound (D:5)
  A gnoll bouda (D:8)
  A sleepcap (D:5)
  3 iguanas
  Natasha (thrice) (D:2)
  2 orc wizards
  Robin (D:4)
  10 gnolls
  8 adders
  2 shadow imps
  An ufetubus (D:5)
  2 worms
  4 dart slugs
  9 orcs
  3 bats
  4 endoplasms
  2 giant cockroaches
  14 goblins
  8 hobgoblins
  2 jackals (D:4)
  13 kobolds
  6 quokkas
  8 ball pythons
  3 frilled lizards
  7 rats
  A butterfly (D:4)
140 creatures vanquished.

Notes
Turn   | Place    | Note
-------+----------+-------------------------------------------
     0 | D:1      | qw the Gargoyle Fighter began the quest for the Orb.
     0 | D:1      | Reached XP level 1. HP: 14/14 MP: 1/1
     0 | D:1      | 0 ||| qw: Version: 0.2-a-96-gf055678
     0 | D:1      | 0 ||| qw: Game counter: 78
     0 | D:1      | 0 ||| qw: Always use a shield: true
     0 | D:1      | 0 ||| qw: God list: Okawaru
     0 | D:1      | 0 ||| qw: Allow faded altars: false
     0 | D:1      | 0 ||| qw: Do Orc after D:15 true
     0 | D:1      | 0 ||| qw: Do second Lair branch before Depths: true
     0 | D:1      | 0 ||| qw: Lair rune preference: random
     0 | D:1      | 0 ||| qw: Plans: Normal, Zot:1-4, God:TSO, Crypt, Tomb,
                  | Pan, Slime:5, Hells, Abyss, Win
     0 | D:1      | 0 ||| PLANNING D:1-11
    68 | D:1      | Reached skill level 2 in Axes
   141 | D:1      | Reached XP level 2. HP: 19/19 MP: 2/2
   164 | D:1      | 164 ||| DROPPING +0 club.
   178 | D:1      | Found a faded altar of an unknown god.
   224 | D:1      | 224 ||| Stepping ~*~*~tactically~*~*~ (hiding).
   225 | D:1      | 225 ||| Stepping ~*~*~tactically~*~*~ (hiding).
   226 | D:1      | 226 ||| Stepping ~*~*~tactically~*~*~ (hiding).
   387 | D:1      | 387 ||| Stepping ~*~*~tactically~*~*~ (stealth).
   553 | D:1      | 553 ||| Stepping ~*~*~tactically~*~*~ (stealth).
   580 | D:1      | Reached skill level 3 in Axes
   816 | D:1      | Reached XP level 3. HP: 23/23 MP: 3/3
   898 | D:1      | 898 ||| READING 3 scrolls labelled GIDOUNW GYBUB.
   899 | D:1      | 899 ||| READING scroll labelled NACWEA NIMALIPT.
   900 | D:1      | 900 ||| READING 2 scrolls labelled VUSHRO QUIJ.
   905 | D:1      | 905 ||| READING scroll labelled LER LUIDWASIUF.
   905 | D:1      | Identified a scroll of acquirement
   905 | D:1      | 905 ||| ACQUIRING +1 pair of boots of the Crypt {rF+ Int-2
                  | Dex+4}
   905 | D:1      | Acquired the +1 pair of boots of the Crypt {rF+ Int-2
                  | Dex+4}
   907 | D:1      | 907 ||| UPGRADING to +1 pair of boots of the Crypt {rF+
                  | Int-2 Dex+4}.
   912 | D:1      | 912 ||| READING scroll labelled BUSHUE MAEGOUMP.
   913 | D:1      | 913 ||| DROPPING 2 scrolls of vulnerability.
  1093 | D:2      | Noticed Natasha
  1095 | D:2      | 1095 ||| Stepping ~*~*~tactically~*~*~ (hiding).
  1102 | D:2      | Killed Natasha
  1214 | D:2      | 1214 ||| Stepping ~*~*~tactically~*~*~ (hiding).
  1225 | D:2      | Reached XP level 4. HP: 28/28 MP: 4/4
  1305 | D:2      | Noticed Natasha
  1306 | D:2      | 1306 ||| Stepping ~*~*~tactically~*~*~ (stealth).
  1307 | D:2      | 1307 ||| Stepping ~*~*~tactically~*~*~ (stealth).
  1314 | D:2      | Killed Natasha
  1315 | D:2      | Reached skill level 4 in Axes
  1327 | D:2      | 1327 ||| Stepping ~*~*~tactically~*~*~ (stealth).
  1334 | D:2      | 1334 ||| Stepping ~*~*~tactically~*~*~ (stealth).
  1343 | D:2      | 1343 ||| Stepping ~*~*~tactically~*~*~ (stealth).
  1344 | D:2      | 1344 ||| Stepping ~*~*~tactically~*~*~ (stealth).
  1384 | D:2      | Noticed Natasha
  1389 | D:2      | Killed Natasha
  1390 | D:2      | Reached skill level 1 in Dodging
  1541 | D:2      | Reached XP level 5. HP: 32/32 MP: 5/5
  1688 | D:2      | 1688 ||| DRINKING 3 viscous ruby potions.
  1776 | D:3      | 1776 ||| Stepping ~*~*~tactically~*~*~ (stealth).
  1779 | D:3      | 1779 ||| Stepping ~*~*~tactically~*~*~ (stealth).
  2106 | D:3      | Found Teugoj's General Store.
  2181 | D:3      | 2181 ||| READING scroll of acquirement.
  2181 | D:3      | 2181 ||| ACQUIRING ring "Wusoeqor" {Fire Will+ SInv}
  2181 | D:3      | Acquired the ring "Wusoeqor" {Fire Will+ SInv}
  2183 | D:3      | 2183 ||| UPGRADING to ring "Wusoeqor" {Fire Will+ SInv}.
  2239 | D:3      | Found a snail-covered altar of Cheibriados.
  2240 | D:3      | 2240 ||| UPGRADING to +0 chain mail.
  2250 | D:3      | 2250 ||| DROPPING +0 scale mail.
  2251 | D:3      | 2251 ||| UPGRADING to +0 pair of gloves.
  2390 | D:4      | 2390 ||| Stepping ~*~*~tactically~*~*~ (stealth).
  2408 | D:4      | 2408 ||| Stepping ~*~*~tactically~*~*~ (stealth).
  2419 | D:4      | Noticed Robin
  2428 | D:4      | Killed Robin
  2504 | D:4      | Found a staircase to the Ecumenical Temple.
  2505 | D:4      | 2505 ||| PLANNING TEMPLE
  2505 | D:4      | 2505 ||| UPGRADING to +0 helmet.
  2532 | Temple   | Entered the Ecumenical Temple
  2600 | Temple   | 2600 ||| PLANNING OKAWARU WORSHIP
  2829 | Temple   | Became a worshipper of Warmaster Okawaru
  2829 | Temple   | 2829 ||| PLANNING D:1-11
  3071 | D:4      | Reached skill level 5 in Axes
  3071 | D:4      | Reached XP level 6. HP: 33/37 MP: 6/6
  3292 | D:4      | 3292 ||| Stepping ~*~*~tactically~*~*~ (stealth).
  3388 | D:4      | 3388 ||| Stepping ~*~*~tactically~*~*~ (hiding).
  3680 | D:4      | 3680 ||| UPGRADING to +0 cloak.
  3685 | D:4      | 3685 ||| READING scroll labelled YSUISTAGG LIYFF.
  3686 | D:4      | 3686 ||| READING scroll labelled DAUGA GODWIA.
  3687 | D:4      | 3687 ||| READING scroll labelled HOSIQI ITEHOCU.
  3688 | D:4      | 3688 ||| READING scroll labelled IDYINA ROSITEU.
  3689 | D:4      | 3689 ||| DRINKING 2 glowing orange potions.
  3690 | D:4      | 3690 ||| DRINKING 3 viscous orange potions.
  3691 | D:4      | 3691 ||| DRINKING 3 potions of curing.
  3691 | D:4      | 3691 ||| (to cure confusion)
  3692 | D:4      | 3692 ||| DROPPING 2 potions of ambrosia.
  3703 | D:5      | Entered Level 5 of the Dungeon
  3730 | D:5      | Reached skill level 6 in Axes
  3812 | D:5      | Reached XP level 7. HP: 20/43 MP: 7/7
  3940 | D:5      | Reached * piety under Okawaru
  3941 | D:5      | Reached skill level 1 in Throwing
  4074 | D:5      | 4074 ||| INVOKING Heroism.
  4084 | D:5      | 4084 ||| INVOKING Heroism.
  4085 | D:5      | 4085 ||| INVOKING Heroism.
  4096 | D:5      | 4096 ||| INVOKING Heroism.
  4210 | D:5      | Reached skill level 7 in Axes
  4210 | D:5      | Reached skill level 1 in Invocations
  4210 | D:5      | Reached XP level 8. HP: 41/48 MP: 7/9
  4234 | D:5      | 4234 ||| DROPPING +0 mace.
  4291 | D:5      | 4291 ||| Stepping ~*~*~tactically~*~*~ (hiding).
  4597 | D:5      | 4597 ||| UPGRADING to +0 plate armour.
  4607 | D:5      | 4607 ||| DROPPING +0 chain mail.
  4608 | D:5      | 4608 ||| DRINKING 2 smoky orange potions.
  4636 | D:5      | 4636 ||| READING 2 scrolls of identify.
  4636 | D:5      | 4636 ||| IDENTIFYING gluggy clear potion
  4637 | D:5      | 4637 ||| DROPPING potion of berserk rage.
  4772 | D:6      | Noticed a hornet
  4784 | D:6      | 4784 ||| INVOKING Heroism.
  4790 | D:6      | HP: 10/48 [hornet (5)]
  4791 | D:6      | 4791 ||| READING 3 scrolls of teleportation.
  4792 | D:6      | 4792 ||| DRINKING potion of heal wounds.
  4794 | D:6      | Killed a hornet
  4795 | D:6      | Reached skill level 3 in Invocations
  4796 | D:6      | Found Qicrac's Antique Weapon Shoppe.
  4909 | D:6      | 4909 ||| INVOKING Heroism.
  5060 | D:6      | 5060 ||| INVOKING Heroism.
  5122 | D:6      | Found a basalt altar of Yredelemnul.
  5320 | D:6      | 5320 ||| INVOKING Heroism.
  5505 | D:6      | 5505 ||| READING 2 scrolls labelled ELUBROWNUT.
  5506 | D:6      | 5506 ||| READING scroll labelled YGOACLAHEF.
  5607 | D:6      | 5607 ||| READING 2 scrolls of identify.
  5607 | D:6      | 5607 ||| IDENTIFYING fizzy cyan potion
  5608 | D:6      | 5608 ||| DROPPING scroll of butterflies.
  5609 | D:6      | 5609 ||| DROPPING potion of brilliance.
  5767 | D:7      | 5767 ||| READING scroll of enchant armour.
  5767 | D:7      | 5767 ||| ENCHANTING +0 pair of gloves.
  5778 | D:7      | Reached XP level 9. HP: 54/54 MP: 12/12
  5787 | D:7      | 5787 ||| INVOKING Heroism.
  5789 | D:7      | Reached skill level 8 in Axes
  6208 | D:7      | Reached skill level 6 in Fighting
  6208 | D:7      | 6208 ||| Stepping ~*~*~tactically~*~*~ (hiding).
  6209 | D:7      | 6209 ||| Stepping ~*~*~tactically~*~*~ (hiding).
  6219 | D:7      | 6219 ||| INVOKING Heroism.
  6431 | D:7      | Found a glowing silver altar of Zin.
  6459 | D:7      | 6459 ||| READING 3 scrolls of identify.
  6459 | D:7      | 6459 ||| IDENTIFYING inky potion
  6460 | D:7      | 6460 ||| READING 2 scrolls of identify.
  6460 | D:7      | 6460 ||| IDENTIFYING purple potion
  6461 | D:7      | 6461 ||| DROPPING potion of flight.
  6512 | D:8      | Reached skill level 6 in Armour
  6556 | D:8      | 6556 ||| Stepping ~*~*~tactically~*~*~ (stealth).
  6558 | D:8      | 6558 ||| Stepping ~*~*~tactically~*~*~ (hiding).
  6559 | D:8      | Noticed a wizard
  6561 | D:8      | 6561 ||| INVOKING Heroism.
  6572 | Abyss:2  | Found a corrupted altar of Lugonu.
  6572 | Abyss:2  | Cast into level 2 of the Abyss (a wizard)
  6643 | Abyss:2  | Noticed a demonic crawler
  6643 | Abyss:2  | 6643 ||| Stepping ~*~*~tactically~*~*~ (stealth).
  6645 | Abyss:2  | 6645 ||| Stepping ~*~*~tactically~*~*~ (stealth).
  6654 | Abyss:2  | 6654 ||| INVOKING Heroism.
  6660 | Abyss:2  | HP: 6/55 [demonic crawler (10)]
  6661 | Abyss:2  | 6661 ||| READING 2 scrolls of teleportation.
  6661 | Abyss:2  | HP: 1/55 [demonic crawler (6)]
  6661 | Abyss:2  | Slain by a demonic crawler

Levels and vault maps discovered:
D:1:      tarquinn_simple_flora_water_c, layout_basic,
          hellmonk_ecumenical_altar_lost_god
D:2:      layout_basic, hangedman_glass_teeth, uniq_natasha
D:3:      layout_loops_ring, cheibrodos_worm_habitat, serial_shops, shop
D:4:      layout_basic, minmay_temple_entry_butterflies, uniq_robin
D:5:      layout_basic
D:6:      layout_basic, mainiacjoe_overflow_catwalk, serial_shops, shop,
          kennysheep_windowed_goal
D:7:      layout_gridville, mainiacjoe_overflow_alcove_4
D:8:      cheibrodos_wizards_tower, layout_rooms,
          mainiacjoe_overflow_catwalk_spiral, minmay_shop_grid_forest,
          minmay_shattered_shrine
Temple:   minmay_temple_bridge_d
Abyss:2:  base:
D:7

Skill      XL: |  1  2  3  4  5  6  7  8  9 |
---------------+----------------------------+-----
Axes           | 2 3 4 5 6 7 8 |  8.4
Dodging        | 1 |  1.1
Fighting       | 4 5 6 |  6.0
Armour         | 4 5 6 |  6.0
Throwing       | 1 2 |  2.0
Invocations    | 1 4 |  4.2
Shields        | |  3.2

Action                     |  1- 3 |  4- 6 |  7- 9 || total
---------------------------+-------+-------+-------++-------
  Melee: War axe           |    86 |   126 |   196 ||   408
  Throw: Boomerang         |     9 |    53 |    11 ||    73
         Javelin           |       |       |    42 ||    42
 Invoke: Heroism           |       |       |    11 ||    11
    Use: Scroll            |     5 |     5 |     9 ||    19
         Potion            |       |     4 |     2 ||     6
 Armour: Scale mail        |    41 |    17 |       ||    58
         Chain mail        |       |    81 |    40 ||   121
         Plate armour      |       |       |   103 ||   103
  Dodge: Dodged            |    31 |    64 |    79 ||   174
  Block: Buckler           |    18 |    27 |    43 ||    88

Table legend:
 A = Non-vault XP
 B = Vault XP
 C = Vault XP percentage of total XP
 D = Non-vault monster count
 E = Vault monster count
 F = Vault count percentage of total count
                 A         B        C        D         E       F
            +---------+---------+-------+---------+---------+-------
      Total |    3172 |      88 |   2.7 |     125 |      14 |  10.1
            +---------+---------+-------+---------+---------+-------
        D:1 |      35 |       0 |   0.0 |      22 |       0 |   0.0
        D:2 |      97 |      35 |  26.5 |      15 |       1 |   6.2
        D:3 |      38 |       5 |  11.6 |      10 |       1 |   9.1
        D:4 |     159 |      34 |  17.6 |      17 |      11 |  39.3
        D:5 |     843 |       0 |   0.0 |      17 |       0 |   0.0
        D:6 |     922 |      14 |   1.5 |      14 |       1 |   6.7
        D:7 |     630 |       0 |   0.0 |      13 |       0 |   0.0
        D:8 |     448 |       0 |   0.0 |      17 |       0 |   0.0
            +---------+---------+-------+---------+---------+-------
